 Dungeon Crawl Stone Soup version 0.23-a0-139-ga22e90c (webtiles) character file.

10688 zxkuqyb the Destroyer (level 11, -12/61 HPs)
             Began as a Deep Elf Fire Elementalist on Aug 30, 2018.
             Was a Priest of Vehumet.
             Mangled by a red ugly thing (20 damage)
             ... on level 11 of the Dungeon.
             The game lasted 00:58:00 (11607 turns).

zxkuqyb the Destroyer (Deep Elf Fire Elementalist) Turns: 11607, Time: 00:58:00

Health: -12/61     AC: 13    Str:  5      XL:     11   Next: 39%
Magic:  23/37      EV: 13    Int: 23 (24) God:    Vehumet [***...]
Gold:   565        SH:  0    Dex: 15      Spells: 12/33 levels left

rFire    . . .     SeeInvis .   p - +2 spear (pierce)
rCold    . . .     Gourm    .   (no shield)
rNeg     . . .     Faith    .   R - +0 steam dragon scales
rPois    .         Spirit   .   e - +0 helmet
rElec    .         Reflect  .   A - scarf {cloud immunity}
rCorr    .         Harm     .   (no gloves)
MR       +....                  C - +0 pair of boots
Stlth    ++........             (no amulet)
HPRegen  0.20/turn              G - ring of magical power
MPRegen  0.25/turn              M - +6 ring of protection

@: no status effects
A: no striking features
a: Renounce Religion


You were on level 11 of the Dungeon.
You worshipped Vehumet.
Vehumet was most pleased with you.
You were not hungry.

You visited 2 branches of the dungeon, and saw 12 of its levels.

You collected 565 gold pieces.

Inventory:

Hand Weapons
 p - a +2 spear of piercing (weapon)
 B - a +2 whip of freezing
Missiles
 r - 20 tomahawks (quivered)
 E - 2 throwing nets
Armour
 e - a +0 helmet (worn)
 v - a +0 cloak
 A - a scarf of cloud immunity (worn)
 C - a +0 pair of boots (worn)
 R - +0 steam dragon scales (worn)
Magical Staves
 w - an uncursed staff of air
 H - an uncursed staff of cold
Jewellery
 b - an uncursed ring of poison resistance
 f - an uncursed ring of protection from magic
 n - a +2 ring of protection
 G - a ring of magical power (left hand)
 M - a +6 ring of protection (right hand)
 N - an uncursed amulet of inaccuracy
 O - a +4 ring of strength
Wands
 u - a wand of paralysis (14)
 z - a wand of polymorph (30)
 F - a wand of flame (27)
 K - a wand of iceblast (4)
Scrolls
 d - 3 scrolls of magic mapping {unknown}
 g - 2 scrolls of enchant armour {unknown}
 h - 2 scrolls of teleportation {unknown}
 i - a scroll of holy word {unknown}
 k - 6 scrolls of remove curse
 l - 4 scrolls of fog {unknown}
 o - 3 scrolls of random uselessness {unknown}
 t - 2 scrolls of blinking {unknown}
 x - 3 scrolls of noise {unknown}
 y - a scroll of torment {unknown}
Potions
 a - a potion of magic
 j - a potion of haste
 m - 3 potions of curing
 q - 4 potions of heal wounds
 s - 4 potions of lignification
 D - a potion of resistance
 I - a potion of might
 J - a potion of brilliance {unknown}
 L - a potion of mutation {unknown}
 P - 2 potions of flight
Comestibles
 c - 21 rations


   Skills:
 + Level 4.0 Fighting
 - Level 2.4 Dodging
 - Level 2.4 Stealth
 + Level 11.5 Spellcasting
 * Level 13.0 Conjurations
 + Level 10.1 Fire Magic


You had 12 spell levels left.
You knew the following spells:

 Your Spells              Type           Power        Failure   Level  Hunger
a - Flame Tongue          Conj/Fire      #####        1%          1    None
b - Throw Flame           Conj/Fire      ######       1%          2    None
c - Conjure Flame         Conj/Fire      ######..     1%          3    None
d - Sticky Flame          Conj/Fire      ######..     1%          4    None
e - Fireball              Conj/Fire      ######....   1%          5    ####...
f - Mephitic Cloud        Conj/Pois/Air  ####....     1%          3    None
g - Dazzling Spray        Conj/Hex       #####.       1%          3    None

Your spell library contained the following spells:

 Spells                   Type           Power        Failure   Level  Hunger
 Sandblast                Erth           ##....       1%          1    None
 Inner Flame              Hex/Fire       #####...     1%          3    None
 Stone Arrow              Conj/Erth      #####.       1%          3    None
 Beastly Appendage        Tmut           ##....       4%          1    None
 Passwall                 Tmut/Erth      ##......     8%          2    None
 Sticks to Snakes         Tmut           ##......     8%          2    None
 Spider Form              Tmut/Pois      ##........   14%         3    None
 Lee's Rapid Deconstruct  Erth           ##........   32%         5    ####...
 Ice Form                 Ice/Tmut       ##......     43%         4    None
 Petrify                  Tmut/Erth      ##......     43%         4    None
 Blade Hands              Tmut           ##........   80%         5    ####...


Dungeon Overview and Level Annotations

Branches:
Dungeon (11/15)            Temple (1/1) D:5
   Lair: D:8-11         Orc: D:9-12

Altars:
Ashenzari
Cheibriados
Dithmenos
Elyvilon
Fedhas
Gozag
Hepliaklqana
Kikubaaqudgha
Makhleb
Nemelex Xobeh
Okawaru
Qazlal
Ru
Sif Muna
Trog
Uskayaw
Vehumet
Wu Jian
Xom
Yredelemnul
Zin
The Shining One
Beogh

Annotations:
D:9 3 runed doors, Rassilon's ghost, novice TrMo
D:11 exclusion: orange crystal statue


Message History

* * * LOW HITPOINT WARNING * * *
Casting: Dazzling Spray (safe; 1% risk of failure)
Confirm with . or Enter, or press ? or * to list all spells.
Aiming: Dazzling Spray (safe; 1% risk of failure)
Press: ? - help, Shift-Dir - straight line, f/p - red ugly thing
Aim: a red ugly thing (lightly wounded)
The spray of energy hits the red ugly thing.
The red ugly thing is moderately wounded.
The red ugly thing barely misses you.
Casting: Dazzling Spray (safe; 1% risk of failure)
Confirm with . or Enter, or press ? or * to list all spells.
Aiming: Dazzling Spray (safe; 1% risk of failure)
Press: ? - help, Shift-Dir - straight line, f/p - red ugly thing
Aim: a red ugly thing (moderately wounded)
The spray of energy hits the red ugly thing.
The red ugly thing is heavily wounded.
The red ugly thing is dazzled.
The red ugly thing gores you!
* * * LOW HITPOINT WARNING * * *
You are engulfed in flames!!
You die...

..... #..............#
###....... #.#.##########.###
..........#####.#.# #..#
................#. #####.##
................. ##### #......#
................###...###.####.#
................##)....##.# #.#
................#)......#.# #.#
................@u..#.....# #.#
.............)..#...[...### #.##
.............)..##.....## #..#
.............)).###...## ##.#
............()..# ##### #..
...........(....# ##.
................########## #.
.........................# #.
.........................# ##


You could see a red ugly thing (blind).

Vanquished Creatures
  A hydra (D:11)
  A centaur warrior (D:11)
  2 two-headed ogres (D:9)
  An orc knight (D:11)
  Pikel (D:6)
  A cyclops (D:11)
  A gargoyle (D:8)
  A tengu conjurer (D:11)
  Prince Ribbit (D:6)
  A troll (D:9)
  A hippogriff (D:7)
  A wyvern (D:8)
  Eustachio (D:4)
  A steam dragon (D:10)
  Menkaure (D:4)
  A water moccasin (D:6)
  4 orc warriors
  4 sky beasts
  2 ice beasts
  2 phantoms
  3 necrophages (D:7)
  8 ogres
  8 centaurs
  8 bullfrogs
  2 scorpions (D:7)
  3 wights (D:10)
  8 crimson imps
  2 quasits
  A bullfrog zombie (D:10)
  8 orc priests
  2 centaur skeletons
  A bullfrog skeleton (D:6)
  5 hounds
  Jessica (D:2)
  4 iguanas
  Terence (D:3)
  11 orc wizards
  4 worker ants
  A killer bee zombie (D:8)
  2 hound skeletons
  4 gnolls (D:4)
  A howler monkey skeleton (D:8)
  9 adders
  2 shadow imps
  An ooze (D:3)
  2 adder skeletons
  3 worms
  3 dart slugs
  3 leopard geckos
  31 orcs
  8 bats
  6 giant cockroaches
  9 goblins
  8 hobgoblins
  5 jackals
  6 kobolds
  5 quokkas
  A ball python (D:2)
  A ball python skeleton (D:5)
  A frilled lizard (D:1)
  A leopard gecko skeleton (D:4)
  2 quokka skeletons (D:6)
  4 rats
228 creatures vanquished.

Notes
Turn   | Place    | Note
-------+----------+-------------------------------------------
     0 | D:1      | zxkuqyb the Deep Elf Fire Elementalist began the quest for
                  | the Orb.
     0 | D:1      | Reached XP level 1. HP: 10/10 MP: 6/6
   201 | D:1      | Reached XP level 2. HP: 15/15 MP: 2/8
   396 | D:1      | Reached skill level 2 in Conjurations
   786 | D:2      | Found a glowing golden altar of the Shining One.
   813 | D:2      | Reached XP level 3. HP: 19/19 MP: 7/10
   943 | D:2      | Noticed Jessica
  1033 | D:2      | Killed Jessica
  1033 | D:2      | Reached skill level 3 in Conjurations
  1073 | D:2      | Learned a level 2 spell: Throw Flame
  1077 | D:2      | Learned a level 3 spell: Conjure Flame
  1091 | D:2      | Reached XP level 4. HP: 24/24 MP: 6/11
  1151 | D:2      | Learned a level 4 spell: Sticky Flame
  1476 | D:3      | Noticed Terence
  1864 | D:3      | Killed Terence
  2246 | D:4      | Reached XP level 5. HP: 28/28 MP: 7/13
  2248 | D:4      | Reached skill level 4 in Conjurations
  2524 | D:4      | Noticed Menkaure
  2593 | D:4      | Noticed Eustachio
  2597 | D:4      | Found an iron altar of Okawaru.
  2719 | D:4      | Found a shadowy altar of Dithmenos.
  2760 | D:4      | Found an ornate altar of the Wu Jian Council.
  2793 | D:4      | Noticed an ogre
  2804 | D:4      | Killed an ogre
  2804 | D:4      | Reached skill level 5 in Spellcasting
  2804 | D:4      | Reached XP level 6. HP: 32/32 MP: 9/15
  2811 | D:4      | Learned a level 5 spell: Fireball
  3299 | D:4      | Noticed a troll
  3314 | D:5      | Entered Level 5 of the Dungeon
  3391 | D:5      | Reached skill level 5 in Conjurations
  3603 | D:5      | Reached skill level 5 in Fire Magic
  3876 | D:5      | Noticed a sky beast
  3883 | D:5      | Killed a sky beast
  3883 | D:5      | Reached XP level 7. HP: 36/36 MP: 9/17
  3902 | D:5      | Reached skill level 6 in Conjurations
  3911 | D:5      | Found a staircase to the Ecumenical Temple.
  3920 | Temple   | Entered the Ecumenical Temple
  3928 | Temple   | Became a worshipper of Vehumet
  4232 | D:5      | Found a sparkling altar of Nemelex Xobeh.
  4755 | D:4      | Killed Menkaure
  4755 | D:4      | Reached skill level 7 in Conjurations
  4961 | D:4      | Killed Eustachio
  4961 | D:4      | Reached XP level 8. HP: 41/41 MP: 4/20
  5525 | D:7      | Reached skill level 8 in Conjurations
  5562 | D:7      | Noticed a hippogriff
  5624 | D:6      | Noticed Prince Ribbit
  5640 | D:6      | Killed Prince Ribbit
  5640 | D:6      | Reached * piety under Vehumet
  5640 | D:6      | Offered knowledge of Freeze by Vehumet.
  6155 | D:6      | Noticed Pikel
  6172 | D:6      | Killed Pikel
  6172 | D:6      | Reached skill level 9 in Conjurations
  6172 | D:6      | Reached XP level 9. HP: 45/45 MP: 11/23
  6784 | D:7      | Reached skill level 10 in Conjurations
  7044 | D:7      | Found a hide-covered altar of Uskayaw.
  7468 | D:7      | Offered knowledge of Searing Ray by Vehumet.
  7484 | D:7      | Reached ** piety under Vehumet
  7495 | D:7      | Found Neolib's Gadget Shoppe.
  7906 | D:8      | Reached skill level 11 in Conjurations
  7928 | D:8      | Noticed a gargoyle
  7933 | D:8      | Killed a gargoyle
  7933 | D:8      | Reached XP level 10. HP: 51/51 MP: 6/25
  8180 | D:8      | Reached skill level 1 in Fighting
  8332 | D:8      | Reached skill level 10 in Spellcasting
  8834 | D:8      | Offered knowledge of Mephitic Cloud by Vehumet.
  8846 | D:8      | Learned a level 3 spell: Mephitic Cloud
  9267 | D:9      | Noticed a two-headed ogre
  9281 | D:9      | Killed a two-headed ogre
  9579 | D:9      | Reached *** piety under Vehumet
  9710 | D:9      | Noticed a two-headed ogre
  9724 | D:9      | Killed a two-headed ogre
  9724 | D:9      | Reached skill level 12 in Conjurations
 10017 | D:9      | Found a blossoming altar of Fedhas.
 10059 | D:9      | Found a runed gate.
 10059 | D:9      | Found a runed gate.
 10059 | D:9      | Found a runed gate.
 10064 | D:9      | Noticed Rassilon's ghost (novice TrMo)
 10065 | D:9      | Found a roughly hewn altar of Beogh.
 10321 | D:10     | Entered Level 10 of the Dungeon
 10847 | D:11     | Reached XP level 11. HP: 51/60 MP: 16/28
 11071 | D:11     | Offered knowledge of Dazzling Spray by Vehumet.
 11079 | D:11     | Learned a level 3 spell: Dazzling Spray
 11329 | D:11     | Noticed an orc knight
 11332 | D:11     | Noticed a centaur warrior
 11332 | D:11     | Noticed a six-headed hydra
 11334 | D:11     | Killed a centaur warrior
 11334 | D:11     | Killed an orc knight
 11335 | D:11     | Reached skill level 10 in Fire Magic
 11338 | D:11     | Killed a six-headed hydra
 11338 | D:11     | Reached skill level 13 in Conjurations
 11570 | D:11     | Noticed an orange crystal statue
 11570 | D:11     | Noticed a red ugly thing
 11607 | D:11     | Mangled by a red ugly thing

Vault maps used:
D:1:      giann_horns
D:2:      overflow_temple_1_default, kennysheep_decorative_pillar, uniq_jessica
D:3:      kennysheep_generic_room_11, uniq_terence
D:4:      overflow_temple_1_default, okawaru_trees_2, lemuel_round_altar,
          uniq_eustachio, uniq_menkaure
D:5:      kennysheep_mini_moat, minmay_temple_entry_hall, first_ration
D:6:      kennysheep_generic_room_15, uniq_prince_ribbit1, uniq_pikel
D:7:      eat_drink_and_be_merry_uskayaw, serial_shops, shop, serial_undead,
          serial_undead_d, serial_undead_c, serial_undead_d, serial_undead_b,
          grunt_ogre_cave
D:9:      marbit_many_paths, biasface_ghost_orc_armoury
D:11:     minmay_bloctagon_deflated, lair_entry_dummy, minmay_statue_bubble
Temple:   nicolae_temple_no_exploring_needed

Skill      XL: |  1  2  3  4  5  6  7  8  9 10 11 |
---------------+----------------------------------+-----
Conjurations   | 2 3 4 5 7 9 11 12 13 | 13.0
Fire Magic     | 4 5 6 7 8 9 10 | 10.1
Spellcasting   | 4 5 6 8 9 11 | 11.5
Fighting       | 3 4 |  4.0
Dodging        | |  2.4
Stealth        | |  2.4

Action                   |  1- 3 |  4- 6 |  7- 9 | 10-12 || total
-------------------------+-------+-------+-------+-------++-------
Melee: Spear             |    11 |    44 |   195 |   156 ||   406
Throw: Stone             |     7 |     2 |       |       ||     9
       Tomahawk          |       |     1 |     2 |       ||     3
 Cast: Flame Tongue      |    59 |    86 |    62 |    52 ||   259
       Conjure Flame     |       |     3 |     3 |     1 ||     7
       Throw Flame       |       |     2 |       |     1 ||     3
       Sticky Flame      |       |     4 |    33 |    33 ||    70
       Fireball          |       |       |     9 |    29 ||    38
       Dazzling Spray    |       |       |       |     5 ||     5
Evoke: Wand              |       |       |       |     2 ||     2
  Use: Scroll            |       |     2 |     5 |     4 ||    11
       Potion            |       |       |       |     1 ||     1
 Stab: Sleeping          |     2 |     3 |     4 |     2 ||    11
       Distracted        |       |       |     1 |       ||     1
  Eat: Chunk             |       |     9 |    11 |    12 ||    32
       Ration            |       |       |     2 |     1 ||     3
Armor: Robe              |     8 |    15 |    79 |    52 ||   154
       Steam dragon scal |       |       |       |    12 ||    12
Dodge: Dodged            |    23 |    34 |   178 |   125 ||   360

Table legend:
 A = Non-vault XP
 B = Vault XP
 C = Vault XP percentage of total XP
 D = Non-vault monster count
 E = Vault monster count
 F = Vault count percentage of total count
                 A         B        C        D         E       F
            +---------+---------+-------+---------+---------+-------
      Total |   10532 |    4737 |  31.0 |     210 |      18 |   7.9
            +---------+---------+-------+---------+---------+-------
        D:1 |      25 |       0 |   0.0 |      15 |       0 |   0.0
        D:2 |      53 |      37 |  41.1 |      20 |       1 |   4.8
        D:3 |      35 |      45 |  56.2 |      11 |       3 |  21.4
        D:4 |     280 |     374 |  57.2 |      14 |       2 |  12.5
        D:5 |     710 |       0 |   0.0 |      23 |       0 |   0.0
        D:6 |     665 |     917 |  58.0 |      20 |       3 |  13.0
        D:7 |    1372 |     493 |  26.4 |      24 |       4 |  14.3
        D:8 |    2117 |       0 |   0.0 |      34 |       0 |   0.0
        D:9 |    2559 |      36 |   1.4 |      15 |       1 |   6.2
       D:10 |     600 |       0 |   0.0 |      12 |       0 |   0.0
       D:11 |    2116 |    2835 |  57.3 |      22 |       4 |  15.4
            +---------+---------+-------+---------+---------+-------
